 Dungeon Crawl Stone Soup version 0.25-a0-663-gace7076f2c (webtiles) character file.

Game seed: 5019008474990694062, levelgen mode: deterministic

1186 kae the Zephyrmancer (level 8, -3/41 HPs)
             Began as a Tengu Air Elementalist on Mar 24, 2020.
             Killed by divine providence
             ... invoked by an orc priest
              (12 damage)
             ... on level 5 of the Dungeon.
             The game lasted 00:05:52 (5628 turns).

kae the Zephyrmancer (Tengu Air Elementalist)       Turns: 5628, Time: 00:05:52

Health: -3/41      AC:  3    Str:  8    XL:     8   Next: 42%
Magic:  0/16       EV: 13    Int: 20    God:
Gold:   201        SH:  0    Dex: 17    Spells: 6/16 levels left

rFire    x . .     SeeInvis .   i - +3 dagger (freeze)
rCold    + . .     Gourm    .   (no shield)
rNeg     . . .     Faith    .   a - +0 robe
rPois    .         Spirit   +   (helmet restricted)
rElec    .         Reflect  .   f - scarf {Spirit}
rCorr    .         Harm     .   e - +0 pair of gloves
MR       .....                  (boots unavailable)
Stlth    +++.......             (no amulet)
HPRegen  0.13/turn              o - ring of ice
MPRegen  0.15/turn              (no ring)

@: no status effects
A: beak, talons 3, thin skeletal structure 1, clever 1, mutation resistance 1,
able to fly
a: Fly


You were on level 5 of the Dungeon.
You were near starving.

You visited 2 branches of the dungeon, and saw 6 of its levels.

You collected 201 gold pieces.

Inventory:

Hand Weapons
 b - a +0 whip of flaming
 i - a +3 dagger of freezing (weapon)
Armour
 a - a +0 robe (worn)
 e - a +0 pair of gloves (worn)
 f - a scarf of spirit shield (worn)
Jewellery
 o - a ring of ice (left hand)
Wands
 d - a wand of iceblast (14)
 n - a wand of scattershot (1)
Scrolls
 g - a scroll of amnesia {unknown}
 j - a scroll of identify
 k - 2 scrolls of remove curse
Potions
 h - a potion of brilliance
 l - 3 potions of haste
Comestibles
 c - 9 rations


   Skills:
 - Level 2.1 Dodging
 - Level 2.0 Stealth
 + Level 4.8 Spellcasting
 + Level 6.4 Conjurations
 * Level 9.9 Air Magic


You had 6 spell levels left.
You knew the following spells:

 Your Spells              Type           Power        Failure   Level  Hunger
a - Shock                 Conj/Air       ####         1%          1    None
b - Static Discharge      Conj/Air       #####...     1%          3    ##.....
c - Swiftness             Chrm/Air       ###.....     2%          2    #......
d - Airstrike             Air            #####.....   1%          4    ####...

Your spell library contained the following spells:

 Spells                   Type           Power        Failure   Level  Hunger
 Lightning Bolt           Conj/Air       #####.....   12%         5    ######.


Dungeon Overview and Level Annotations

Branches:
Dungeon (5/15)             Temple (1/1) D:5

Altars:
Ashenzari
Cheibriados
Dithmenos
Fedhas
Gozag
Hepliaklqana
Kikubaaqudgha
Makhleb
Nemelex Xobeh
Okawaru
Qazlal
Sif Muna
Uskayaw
Xom
The Shining One

Annotations:
D:2 exclusion: ogre
D:4 Dowan, Duvessa
D:5 exclusion: ogre


Innate Abilities, Weirdness & Mutations

You have a beak for a mouth.
You have claws for feet.
You can fly continuously.
You have a somewhat thin skeletal structure. (Dex +2, Stealth)
Your mind is acute. (Int +2)
You are somewhat resistant to further mutation.


Message History

You peck the orc priest, but do no damage.
The orc priest is severely wounded.
The orc priest barely misses you.
You hit the orc priest. You freeze the orc priest.
The orc priest is almost dead.
The orc priest calls down the wrath of Beogh upon you.
Beogh smites you!
* * * LOW HITPOINT WARNING * * *
Casting: Shock (safe; 1% risk of failure)
Confirm with . or Enter, or press ? or * to list all spells.
You don't have enough magic to cast that spell.
You feel much better.
The orc priest calls down the wrath of Beogh upon you.
Beogh smites you!
* * * LOW HITPOINT WARNING * * *
You hit the orc priest but do no damage.
The orc priest is almost dead.
The orc priest invokes the aid of Beogh against you.
Beogh smites you!
You die...

...#....
#..........#
####....
#...!......#
#### ...
#....†.....#
.... .#
#..........#
####..##
#..........#
.......#
#.......$#
#.###..#
#....).# ..
#..#
#####o## .#
#..# #@# .#
#..# #)# .#
#..#######
#.# .#
#........#
#.# .#
#.######.#
#.#
.####.###
#.###.#####
..#.....#
#.........#
#....(..#
#.........#
###.....#
#.........#


You could see an orc priest.

Vanquished Creatures
  Pikel (D:5)
  2 slaves (D:5)
  An ogre (D:5)
  A phantom (D:4)
  A centaur (D:5)
  2 scorpions
  A howler monkey (D:5)
  5 orc wizards
  Jessica (D:2)
  A worker ant (D:5)
  5 adders
  An ooze (D:3)
  An adder zombie (D:2)
  2 worms (D:3)
  A dart slug (D:3)
  5 leopard geckos
  16 orcs
  A ball python (D:2)
  A giant cockroach (D:2)
  4 hobgoblins
  16 jackals
  3 quokkas
  13 bats
  6 frilled lizards
  14 goblins
  4 kobolds
  A leopard gecko skeleton (D:4)
  A quokka skeleton (D:5)
  A quokka zombie (D:5)
  8 rats
120 creatures vanquished.

Vanquished Creatures (others)
  A slave (D:5)
1 creature vanquished.

Grand Total: 121 creatures vanquished

Notes
Turn   | Place    | Note
-------+----------+-------------------------------------------
     0 | D:1      | kae the Tengu Air Elementalist began the quest for the Orb.
     0 | D:1      | Reached XP level 1. HP: 10/10 MP: 4/4
   415 | D:1      | Reached XP level 2. HP: 9/15 MP: 1/6
   899 | D:1      | Reached XP level 3. HP: 19/19 MP: 2/7
  1176 | D:2      | Reached skill level 5 in Air Magic
  1426 | D:2      | Noticed Jessica
  1431 | D:2      | Killed Jessica
  1431 | D:2      | Reached XP level 4. HP: 24/24 MP: 2/8
  1487 | D:2      | Learned a level 3 spell: Static Discharge
  1490 | D:2      | Learned a level 2 spell: Swiftness
  1585 | D:2      | Found a hazy altar of Hepliaklqana.
  1830 | D:2      | Noticed an ogre
  2003 | D:3      | Found a snail-covered altar of Cheibriados.
  2045 | D:3      | Found a shimmering altar of Xom.
  2524 | D:3      | Gained mutation: You can fly continuously. [Tengu growth]
  2524 | D:3      | Reached XP level 5. HP: 26/28 MP: 0/10
  2539 | D:3      | Reached skill level 6 in Air Magic
  3457 | D:4      | Reached XP level 6. HP: 32/32 MP: 8/11
  3600 | D:4      | Noticed a phantom
  3617 | D:4      | Killed a phantom
  3617 | D:4      | Reached skill level 7 in Air Magic
  3707 | D:4      | Learned a level 4 spell: Airstrike
  4342 | D:4      | Noticed Dowan
  4382 | D:4      | Noticed Duvessa
  4624 | D:5      | Entered Level 5 of the Dungeon
  4630 | D:5      | Reached XP level 7. HP: 18/36 MP: 0/13
  4828 | D:5      | Reached skill level 8 in Air Magic
  4864 | D:5      | Noticed Pikel
  4873 | D:5      | Gained mutation: You have a somewhat thin skeletal
                  | structure. (Dex +2, Stealth) [potion of mutation]
  4873 | D:5      | Gained mutation: Your mind is acute. (Int +2) [potion of
                  | mutation]
  4873 | D:5      | Gained mutation: You are somewhat resistant to further
                  | mutation. [potion of mutation]
  4904 | D:5      | Killed Pikel
  4904 | D:5      | Reached skill level 9 in Air Magic
  4904 | D:5      | Reached XP level 8. HP: 37/41 MP: 1/15
  5004 | D:5      | Found an ancient bone altar of Kikubaaqudgha.
  5034 | D:5      | Found a staircase to the Ecumenical Temple.
  5048 | Temple   | Entered the Ecumenical Temple
  5628 | D:5      | Killed from afar by an orc priest

Levels and vault maps discovered:
D:1:      shiori_shiawase, layout_basic
D:2:      layout_rooms, lemuel_round_altar, columned_hall_lemuel,
          kennysheep_cross_room, minivault_26, uniq_jessica
D:3:      layout_basic, lemuel_round_altar, kennysheep_slug_shrine, first_ration
D:4:      layout_basic, uniq_duvessa
D:5:      layout_rooms, minmay_temple_entry_trees,
          lightli_ossuary_entry_decrepit_ruins, basic_altar, minmay_bent,
          uniq_pikel
Temple:   minmay_temple_forest_path

Skill      XL: |  1  2  3  4  5  6  7 |
---------------+----------------------+-----
Conjurations   | 2 3 4 6 |  6.4
Air Magic      | 5 6 7 9 |  9.9
Spellcasting   | 3 4 |  4.8
Dodging        | |  2.1
Stealth        | |  2.0

Action                   |  1- 3 |  4- 6 |  7- 9 || total
-------------------------+-------+-------+-------++-------
Melee: Unarmed           |    21 |       |       ||    21
       Peck              |     4 |     5 |     7 ||    16
       Kick              |     4 |     4 |     9 ||    17
       Dagger            |       |    54 |    57 ||   111
 Cast: Shock             |    52 |   132 |    41 ||   225
       Static Discharge  |       |     4 |     4 ||     8
Evoke: Wand              |       |       |     2 ||     2
  Use: Scroll            |     5 |     5 |       ||    10
       Potion            |       |     1 |     5 ||     6
 Stab: Sleeping          |       |     2 |     2 ||     4
  Eat: Chunk             |     2 |    10 |     3 ||    15
Armor: Robe              |    13 |    14 |     3 ||    30
       Skin              |       |       |    16 ||    16
Dodge: Dodged            |    23 |    62 |    39 ||   124

Table legend:
 A = Non-vault XP
 B = Vault XP
 C = Vault XP percentage of total XP
 D = Non-vault monster count
 E = Vault monster count
 F = Vault count percentage of total count
                 A         B        C        D         E       F
            +---------+---------+-------+---------+---------+-------
      Total |     971 |     724 |  42.7 |     110 |       8 |   6.8
            +---------+---------+-------+---------+---------+-------
        D:1 |      34 |       0 |   0.0 |      25 |       0 |   0.0
        D:2 |      46 |      37 |  44.6 |      19 |       1 |   5.0
        D:3 |     169 |       4 |   2.3 |      36 |       1 |   2.7
        D:4 |     304 |       0 |   0.0 |      13 |       0 |   0.0
        D:5 |     418 |     683 |  62.0 |      17 |       6 |  26.1
            +---------+---------+-------+---------+---------+-------
